 Dungeon Crawl Stone Soup version 0.21.1-1-g345015f (webtiles) character file.

803 grindst0ne the Skirmisher (level 8, -1/64 HPs)
             Began as a Formicid Arcane Marksman on Feb 22, 2018.
             Was a Follower of the Shining One.
             Slain by a slime creature (18 damage)
             ... on level 5 of the Dungeon.
             The game lasted 00:09:02 (4167 turns).

grindst0ne the Skirmisher (FoAM)                    Turns: 4167, Time: 00:09:03

Health: -1/64      AC:  9    Str: 16    XL:     8   Next: 14%
Magic:  9/9        EV: 10    Int: 13    God:    the Shining One [*.....]
Gold:   184        SH:  9    Dex: 15    Spells: 8/9 levels left

rFire    . . .     SeeInvis +   u - +0 war axe
rCold    + . .     Gourm    .   o - +0 shield
rNeg     . . .     Faith    .   y - +3 leather armour {rC+}
rPois    .         Spirit   .   (helmet unavailable)
rElec    .         Reflect  .   (no cloak)
rCorr    .         Harm     .   (no gloves)
MR       .....                  t - +2 pair of boots
Stlth    +.........             (no amulet)
HPRegen  0.20/turn              l - ring of stealth
MPRegen  0.11/turn              h - +3 ring of dexterity

@: glowing
A: permanent stasis, dig shafts and tunnels, four strong arms, antennae 3
a: Dig, Shaft Self, Renounce Religion


You were on level 5 of the Dungeon.
You worshipped the Shining One.
The Shining One was aware of your devotion.
You were not hungry.

You visited 2 branches of the dungeon, and saw 6 of its levels.

You collected 184 gold pieces.

Inventory:

Hand Weapons
 u - a +0 war axe (weapon)
Missiles
 d - 2 throwing nets (quivered)
 e - 5 javelins
Armour
 g - a +0 chain mail
 o - a +0 shield (worn)
 t - a +2 pair of boots (worn)
 y - a +3 leather armour of cold resistance (worn)
Jewellery
 h - a +3 ring of dexterity (right hand)
 l - a ring of stealth (left hand)
Scrolls
 a - 5 scrolls of identify {unknown}
 j - a scroll of blinking {unknown}
 n - a scroll of enchant armour {unknown}
 q - a scroll of fear {unknown}
 r - a scroll of fog {unknown}
 x - 2 scrolls of teleportation {unknown}
Potions
 c - 2 potions of haste
 i - 2 potions of lignification {unknown}
 k - 2 potions of curing
 m - 2 potions of flight {unknown}
 p - a potion of heal wounds {unknown}
 s - a potion of mutation {unknown}
 v - a potion of might {unknown}
Books
 b - a book of Debilitation

   Spells                             Type                      Level
   a - Corona                         Hexes                        1
   b - Slow                           Hexes                        2
   c - Inner Flame                    Hexes/Fire                   3
   d - Portal Projectile              Hexes/Translocation          3
   e - Cause Fear                     Hexes                        4
   f - Leda's Liquefaction            Hexes/Earth                  4
Comestibles
 f - 11 rations
 w - a chunk of flesh


   Skills:
 + Level 5.7 Fighting
 - Level 5.0 Axes
 - Level 2.0 Throwing
 - Level 1.7 Dodging
 + Level 4.6 Shields
 - Level 1.1 Spellcasting
 - Level 3.6 Hexes
   Level 0.7 Evocations


You had 8 spell levels left.
You knew the following spells:

 Your Spells              Type           Power        Failure   Level  Hunger
a - Corona                Hex            ##.....      21%         1    ##.....


Dungeon Overview and Level Annotations

Branches:
Dungeon (5/15)             Temple (1/1) D:4

Altars:
Ashenzari
Cheibriados
Dithmenos
Elyvilon
Fedhas
Gozag
Hepliaklqana
Kikubaaqudgha
Makhleb
Nemelex Xobeh
Okawaru
Qazlal
Ru
Sif Muna
Trog
Uskayaw
Wu Jian
Xom
Yredelemnul
Zin
The Shining One

Shops:
D:5 %

Annotations:
D:3 exclusion: downstairs


Innate Abilities, Weirdness & Mutations

You cannot be hasted, slowed, berserked, paralysed or teleported.
You can dig through walls and to a lower floor.
Your four strong arms can wield two-handed weapons with a shield.
You have a pair of large antennae on your head. (SInv)


Message History

The slime creature hits you but does no damage.
You slash the slime creature!
The slime creature is heavily wounded.
The slime creature hits you!
* * * LOW HITPOINT WARNING * * *
You slash the slime creature!
The slime creature is severely wounded.
You block the slime creature's attack. x2
You hit the slime creature.
The slime creature is heavily wounded.
You block the slime creature's attack.
You hit the slime creature.
The slime creature is severely wounded.
The slime creature closely misses you.
You hit the slime creature but do no damage.
The slime creature is severely wounded.
The slime creature hits you.
* * * LOW HITPOINT WARNING * * *
The slime creature hits you!!
You die...

.## { ..# ..# {
..####### ........#
###### ..#####.# #.#
.>...# ........#
#.#####.....#
........#
#...........#
........# #.#
#@#.....# ..#.##..#
#.# ##J.....#
........#
##.###Z#######
..#.#...###....{..#
..#.#.#......#.##.###
....#...#....J........
># #####.#..#{{#.####
## #....J....#.# #
####J#####..#


You could see a slime creature.

Vanquished Creatures
  The ghost of Autsider the Chopper, an amateur DDFi of Makhleb (D:4)
  Eustachio (D:5)
  An ogre (D:5)
  A howler monkey (D:5)
  A crimson imp (D:5)
  A hound (D:4)
  2 orc priests (D:5)
  2 jellies (D:5)
  5 worker ants
  An adder (D:4)
  A shadow imp (D:5)
  An ooze (D:1)
  2 dart slugs
  A worm (D:3)
  A leopard gecko (D:1)
  10 orcs
  2 giant cockroaches (D:1)
  6 goblins
  3 hobgoblins
  5 jackals
  2 quokkas
  3 ball pythons
  9 bats
  6 frilled lizards
  6 kobolds
  A leopard gecko skeleton (D:4)
  9 rats
84 creatures vanquished.

Vanquished Creatures (others)
  4 toadstools (D:5)
4 creatures vanquished.

Grand Total: 88 creatures vanquished

Notes
Turn   | Place    | Note
-------+----------+-------------------------------------------
     0 | D:1      | grindst0ne the Formicid Arcane Marksman began the quest for the Orb.
     0 | D:1      | Reached XP level 1. HP: 15/15 MP: 2/2
   188 | D:1      | Reached XP level 2. HP: 14/22 MP: 3/3
   466 | D:1      | Reached XP level 3. HP: 21/29 MP: 4/4
   847 | D:2      | Found a stormy altar of Qazlal.
  1706 | D:3      | Reached XP level 4. HP: 33/37 MP: 5/5
  1834 | D:3      | Reached skill level 1 in Shields
  1977 | D:3      | Reached skill level 1 in Axes
  2304 | D:4      | Noticed Autsider's ghost (amateur DDFi)
  2605 | D:4      | Found a hazy altar of Hepliaklqana.
  2606 | D:4      | Found a shimmering altar of Xom.
  2606 | D:4      | Noticed a soldier ant
  2607 | D:4      | Noticed a soldier ant
  2607 | D:4      | Noticed a spectral ugly thing
  2616 | D:4      | Reached XP level 5. HP: 39/42 MP: 6/6
  2939 | D:4      | Found a staircase to the Ecumenical Temple.
  2978 | D:4      | Reached XP level 6. HP: 35/49 MP: 7/7
  3013 | Temple   | Entered the Ecumenical Temple
  3022 | Temple   | Became a worshipper of the Shining One
  3178 | D:4      | Killed Autsider's ghost
  3280 | D:4      | Found a basalt altar of Yredelemnul.
  3281 | D:4      | Found a sparkling altar of Nemelex Xobeh.
  3281 | D:4      | Found an ancient bone altar of Kikubaaqudgha.
  3282 | D:4      | Found an ornate altar of the Wu Jian Council.
  3311 | D:5      | Entered Level 5 of the Dungeon
  3312 | D:5      | Noticed an ogre
  3319 | D:5      | Killed an ogre
  3319 | D:5      | Reached skill level 5 in Fighting
  3319 | D:5      | Reached XP level 7. HP: 44/56 MP: 8/8
  3344 | D:5      | Noticed Eustachio
  3757 | D:5      | Killed Eustachio
  4037 | D:5      | Found Daigoq's Food Emporium.
  4074 | D:5      | Found a burning altar of Makhleb.
  4098 | D:5      | Reached XP level 8. HP: 47/63 MP: 9/9
  4111 | D:5      | Reached skill level 5 in Axes
  4139 | D:5      | Noticed a slime creature
  4139 | D:5      | Noticed a slime creature
  4139 | D:5      | Reached * piety under the Shining One
  4167 | D:5      | Slain by a slime creature

Skill      XL: |  1  2  3  4  5  6  7  8 |
---------------+-------------------------+-----
Fighting       | 2 3 4 5 |  5.7
Shields        | 1 2 3 4 |  4.6
Axes           | 1 2 3 4 5 |  5.0
Throwing       | |  2.0
Dodging        | |  1.7
Spellcasting   | |  1.1
Hexes          | |  3.6
Evocations     | |  0.7

Action                   |  1- 3 |  4- 6 |  7- 9 || total
-------------------------+-------+-------+-------++-------
Melee: Dagger            |    20 |       |       ||    20
       Unarmed           |    11 |       |       ||    11
       Whip              |    29 |       |       ||    29
       Hand axe          |   108 |    18 |       ||   126
       War axe           |       |    74 |   128 ||   202
Throw: Javelin           |     6 |       |       ||     6
 Abil: Dig               |     1 |       |     7 ||     8
Evoke: Wand              |       |     5 |     1 ||     6
  Use: Potion            |       |     2 |       ||     2
  Eat: Chunk             |     3 |     4 |     5 ||    12
Armor: Robe              |    20 |       |       ||    20
       Ring mail         |    66 |       |       ||    66
       Chain mail        |    16 |    79 |    50 ||   145
       Leather armour    |       |       |     7 ||     7
Dodge: Dodged            |   148 |    41 |    59 ||   248
Block: Shield            |       |       |    26 ||    26
